 Dungeon Crawl Stone Soup version 0.27.1 (webtiles) character file.

Game seed: 1991651775421881626

635 MajorAdolf the Shield-Bearer (level 7, -1/62 HPs)
             Began as a Naga Wanderer on Aug 25, 2021.
             Slain by a phantom (8 damage)
             ... on level 4 of the Dungeon.
             The game lasted 00:09:35 (7338 turns).

MajorAdolf the Shield-Bearer (Naga Wanderer)        Turns: 7338, Time: 00:09:35

Health: -1/62      AC:  3    Str: 14    XL:     7   Next: 50%
Magic:  5/8        EV:  8    Int: 18    God:
Gold:   223        SH:  9    Dex:  7    Spells: 5/8 levels left

rFire    . . .     SeeInvis +   j - +2 short sword (vamp)
rCold    . . .     Faith    .   c - +0 kite shield
rNeg     . . .     Spirit   .   t - +0 robe
rPois    +         Reflect  .   (no helmet)
rElec    .         Harm     .   (no cloak)
rCorr    .         Rampage  .   (no gloves)
Will     .....                  (no barding)
Stlth    +.........             (no amulet)
HPRegen  0.20/turn              (no ring)
MPRegen  0.11/turn              (no ring)

@: mighty, very slow
A: AC +2, large, see invisible, deformed body, poison resistance, slowness 2,
spit poison 1, naga tail 1
a: Spit Poison


You were on level 4 of the Dungeon.
You visited 1 branch of the dungeon, and saw 5 of its levels.

You collected 223 gold pieces.

Inventory:

Hand Weapons
 a - a +0 spear
 j - a +2 vampiric short sword (weapon)
 n - a +1 spear of flaming
Armour
 c - a +0 kite shield (worn)
 t - a +0 robe (worn)
Jewellery
 i - a ring of positive energy
Wands
 o - a wand of mindburst (14)
Scrolls
 b - a scroll of immolation
 h - 2 scrolls of vulnerability
 k - 2 scrolls of teleportation
 p - a scroll of magic mapping {unknown}
 r - a scroll of fog
 s - a scroll of enchant armour {unknown}
 v - 2 scrolls of identify
Potions
 d - a potion of invisibility {unknown}
 e - a potion of haste {unknown}
 f - a potion of ambrosia {unknown}
 l - a potion of curing {unknown}
 m - a potion of heal wounds {unknown}
 q - a potion of mutation {unknown}
 u - a potion of flight
 w - a potion of berserk rage {unknown}


   Skills:
 - Level 3.0 Fighting
 - Level 1.5 Armour
 - Level 1.5 Stealth
 + Level 5.5 Shields
 - Level 1.0 Spellcasting
 + Level 3.9 Ice Magic
 - Level 2.6 Poison Magic


You had 5 spell levels left.
You knew the following spells:

 Your Spells              Type           Power      Damage    Failure   Level
a - Ozocubu's Armour      Ice            15%        N/A       24%         3

Your spell library contained the following spells:

 Spells                   Type           Power      Damage    Failure   Level
 Metabolic Englaciation   Hex/Ice        4%         N/A       99%         5
 Simulacrum               Ice/Necr       4%         N/A       100%        6


Dungeon Overview and Level Annotations

Branches:
Dungeon (5/15)
 Temple: D:4-7

Altars:
Sif Muna
Trog
Xom

Shops:
D:3 [


Innate Abilities, Weirdness & Mutations

Your serpentine skin is tough. (AC +2)
You have supernaturally acute eyesight. (SInv)
Armour fits poorly on your strangely shaped body.
Your system is resistant to poisons. (rPois)
You cover ground very slowly.
You can spit poison.
You have a snake-like lower body.


Message History

The phantom hits you. You block the phantom's attack.
You miss the phantom.
The phantom is heavily damaged.
You block the phantom's attack.
You closely miss the phantom.
The phantom is heavily damaged.
The phantom closely misses you.
You hit the phantom.
The phantom is heavily damaged.
You block the phantom's attack.
You hit the phantom but do no damage.
The phantom is heavily damaged.
The phantom hits you.
The phantom blinks!
You blink.
The phantom hits you!
* * * LOW HITPOINT WARNING * * *
You hit the phantom but do no damage.
The phantom is heavily damaged.
The phantom hits you but does no damage.
You hit the phantom.
The phantom is heavily damaged.
The phantom hits you!
* * * LOW HITPOINT WARNING * * *
You barely miss the phantom.
The phantom is heavily damaged.
The phantom closely misses you.
You feel very mighty all of a sudden. The phantom barely misses you.
You barely miss the phantom.
The phantom is heavily damaged.
The phantom barely misses you.
The phantom hits you but does no damage.
You puncture the phantom!
The phantom is almost destroyed.
The phantom hits you.
* * * LOW HITPOINT WARNING * * *
Unknown command.
You barely miss the phantom.
The phantom is almost destroyed.
The phantom hits you!
You die...

#.# #.## #.# #..#########
#.# #...........
#.#####...........
#...)†..########## ##.#>####
##### ####.#(# #....
#.>W...#########.##.
#########..@.......^.....##.
#...............###########.
#.#####.#.....### #. #.#
#.#.....# #. ######.#
##.###.### #.
.......####...##.# ##.
.########.....##.# ##.# .#
#.#...##.# ####.## .#
#.######.#### #....#


You could see a phantom.

Vanquished Creatures
  2 necrophages (D:5)
  An ogre (D:4)
  A centaur zombie (D:5)
  A jelly (D:4)
  A bullfrog skeleton (D:5)
  2 iguanas (D:4)
  A centaur skeleton (D:4)
  Natasha (thrice) (D:2)
  A killer bee zombie (D:5)
  3 adders
  3 dart slugs
  10 orcs
  5 endoplasms
  3 giant cockroaches (D:1)
  8 goblins
  5 hobgoblins
  5 quokkas
  5 ball pythons
  2 bats
  3 frilled lizards
  7 kobolds
  6 rats
78 creatures vanquished.

Vanquished Creatures (others)
  A wizard (D:4)
1 creature vanquished.

Grand Total: 79 creatures vanquished

Notes
Turn   | Place    | Note
-------+----------+-------------------------------------------
     0 | D:1      | MajorAdolf the Naga Wanderer began the quest for the Orb.
     0 | D:1      | MajorAdolf set off with the following items: a +0 spear, a
                  | +0 ring mail, a +0 kite shield
     0 | D:1      | Reached XP level 1. HP: 21/21 MP: 2/2
   537 | D:1      | Reached XP level 2. HP: 26/28 MP: 3/3
   691 | D:1      | Reached skill level 2 in Shields
  1185 | D:1      | Reached XP level 3. HP: 34/34 MP: 4/4
  1731 | D:2      | Reached skill level 3 in Shields
  2132 | D:2      | You fall into a shaft and drop 1 floor!
  2149 | D:3      | Found Kenkujisch's Antique Armour Emporium.
  2317 | D:3      | Found a shimmering altar of Xom.
  2411 | D:2      | Noticed Natasha
  2417 | D:2      | Killed Natasha
  2418 | D:2      | Reached XP level 4. HP: 23/42 MP: 5/5
  2637 | D:2      | Noticed Natasha
  2657 | D:2      | Killed Natasha
  3163 | D:2      | Found a faded altar of an unknown god.
  3183 | D:2      | Noticed Natasha
  3192 | D:2      | Killed Natasha
  3193 | D:2      | Reached skill level 4 in Shields
  3193 | D:2      | Reached XP level 5. HP: 47/49 MP: 6/6
  4160 | D:3      | Learned a level 3 spell: Ozocubu's Armour
  4328 | D:4      | Found a shimmering blue altar of Sif Muna.
  4535 | D:4      | Reached skill level 1 in Ice Magic
  5001 | D:4      | Found a bloodstained altar of Trog.
  5436 | D:4      | Noticed a wizard
  5438 | D:4      | Killed a wizard
  5512 | D:4      | Reached XP level 6. HP: 55/56 MP: 7/7
  6178 | D:5      | Entered Level 5 of the Dungeon
  6178 | D:5      | Noticed a necrophage
  6185 | D:5      | Killed a necrophage
  6186 | D:5      | Reached skill level 5 in Shields
  6308 | D:5      | Noticed a necrophage
  6342 | D:5      | Killed a necrophage
  6343 | D:5      | Reached XP level 7. HP: 27/61 MP: 8/8
  7338 | D:4      | Slain by a phantom

Illustrated notes

Levels and vault maps discovered:
D:1:      minmay_arrival_stone_box, layout_rooms, patterned_corridor
D:2:      layout_basic, serial_glass, glass_columns_a, glass_columns_a,
          minmay_strange_pillars, minmay_strange_pillars, due_unseen_surprise,
          dilly_ecumenical_altar_fadedgnrine, lightli_corner_chamber,
          uniq_natasha
D:3:      layout_loops_corners, mainiacjoe_overflow_small_starburst,
          serial_shops, shop, lemuel_old_faithful
D:4:      layout_loops_ring, trog_wizard, nicolae_sif_muna_little_library
D:5:      layout_rooms, mainiacjoe_overflow_large_starburst,
          minmay_misc_feat_columns, kennysheep_generic_room_7

Skill      XL: |  1  2  3  4  5  6 |
---------------+-------------------+-----
Shields        | 2 3 4 5 |  5.5
Ice Magic      | 1 3 |  3.9
Fighting       | |  3.0
Armour         | |  1.5
Stealth        | |  1.5
Spellcasting   | |  1.0
Poison Magic   | |  2.6

Action                   |  1- 3 |  4- 6 |  7- 9 || total
-------------------------+-------+-------+-------++-------
Melee: Spear             |    78 |       |       ||    78
       Short sword       |    51 |   129 |    84 ||   264
 Cast: Ozocubu's Armour  |       |       |     4 ||     4
 Abil: Spit Poison       |    21 |    34 |     4 ||    59
  Use: Scroll            |       |     5 |     1 ||     6
       Potion            |       |     3 |     1 ||     4
Armor: Ring mail         |    36 |    35 |       ||    71
       Robe              |       |     5 |    46 ||    51
Dodge: Dodged            |    43 |    38 |    28 ||   109
Block: Kite shield       |    38 |    55 |    52 ||   145
